AoeStats
← Morrión

Arena

509145369Analyzed
2v2 RM · 8d ago on Sep 25, 2026· 31m 16s· 4 players
Game mode
Random Map
Map size
Medium (4 player)
Population
200
Speed
Normal
Resources
Standard
Victory
Conquest
Starting age
Dark Age
Ending age
Imperial Age
RankedLock teamsTeams togetherTeam positionsShared explorationLock speedFull tech treeHidden civsTurbo modeCheats
Victory
Defeat
🇧🇷 Varangians · Brazil
1594
+8
🇵🇪 Japanese · Peru
1414
+14
🇪🇸 Varangians · Spain
1386
-11
🇪🇸 Danes · Spain
1385
-11
CORP_ EuSanAoE
9:55 Feudal Age
10:07 Feudal Age
14:27 Castle Age
13:24 Loom
25:27 Double-Bit Axe
25:35 Horse Collar
28:05 Bow Saw
29:41 Wheelbarrow
CORP_Marcus
10:42 Feudal Age
11:29 Horse Collar
15:21 Castle Age
13:29 Double-Bit Axe
16:43 Bow Saw
16:33 Heavy Plow
16:28 Gold Mining
18:29 Stone Mining
27:14 Wheelbarrow
30:08 Imperial Age
28:07 Loom
29:16 Scale Barding Armor
29:41 Forging
30:05 Husbandry
31:00 Bloodlines
31:21 Chain Barding Armor
31:49 Conscription
31:59 Hand Cart
juanca12
10:27 Feudal Age
14:24 Castle Age
13:05 Double-Bit Axe
14:05 Gold Mining
13:59 Horse Collar
18:27 Scale Mail Armor
20:52 Wheelbarrow
20:47 Chain Mail Armor
20:34 Squires
23:47 Bow Saw
24:43 Forging
25:14 Heavy Plow
27:57 Bloodlines
29:03 Husbandry
Morrión
5:36 Loom
11:40 Feudal Age
16:16 Castle Age
14:20 Double-Bit Axe
14:17 Horse Collar
Connection lost

Rejoining the realm…

Still unreachable

The connection could not be restored.

Session expired

The server has moved on; the page needs a fresh start.